 Dungeon Crawl Stone Soup version 0.19.5 (webtiles) character file.

4193 hyperquik the Basher (level 10, -15/54 HPs)
             Began as a Kobold Artificer on May 3, 2017.
             Was a Follower of Yredelemnul.
             Demolished by an angel
             ... wielding a +3 whip of holy wrath
              (21 damage)
             ... on level 2 of the Abyss on May 5, 2017.
             The game lasted 00:35:47 (11881 turns).

hyperquik the Basher (Kobold Artificer)            Turns: 11881, Time: 00:35:47

Health: -15/54     AC:  8    Str: 13    XL:     10   Next: 54%
Magic:  0/12       EV: 20    Int: 15    God:    Yredelemnul [*.....]
Gold:   638        SH:  0    Dex: 21    Spells: 2 memorised, 6 levels left

rFire  . . .     SeeInvis .     a - +3 whip (vamp) {!w}
rCold  . . .     Gourm    .     L - +1 robe of Huujisyrch {rElec rN+}
rNeg   + . .     Faith    .     (shield restricted)
rPois  +         Spirit   +     p - +2 helmet {Int+3} {Int+3}
rElec  +         Reflect  .     T - +0 cloak
rCorr  .         Harm     .     S - +0 pair of gloves
MR     .....                    (no boots)
Stlth  +.........               G - amulet of guardian spirit {Spirit}
                                P - ring of poison resistance
                                v - +5 ring of dexterity

@: non-regenerating, diseased, glowing, repel missiles
A: carnivore 3
a: Animate Remains, Renounce Religion


You were on level 2 of the Abyss.
You worshipped Yredelemnul.
Yredelemnul was aware of your devotion.
You were not hungry.

You visited 2 branches of the dungeon, and saw 10 of its levels.
You visited the Abyss 1 time.
You also visited: Ossuary.

You collected 638 gold pieces.

Inventory:

Hand Weapons
 a - a +3 vampiric whip (weapon) {!w}
Missiles
 q - 22 poisoned needles
 I - 2 throwing nets {=f}
 K - 11 tomahawks
 Q - 233 stones (quivered)
Armour
 p - a +2 helmet of intelligence (worn) {Int+3}
 L - the +1 robe of Huujisyrch (worn) {rElec rN+}
   (You found it on level 7 of the Dungeon)

   It insulates you from electricity.
   It protects you from negative energy.
 S - a +0 pair of gloves (worn)
 T - a +0 cloak (worn)
Jewellery
 u - an uncursed ring of stealth {Stlth+}
 v - a +5 ring of dexterity (left hand)
 G - an amulet of guardian spirit (around neck) {Spirit}
 N - an uncursed ring of positive energy {rN+}
 P - a ring of poison resistance (right hand)
 U - an uncursed amulet of rage
Wands
 c - a wand of flame (9/48)
 d - a wand of enslavement (12/24)
 D - a wand of random effects (0/48)
 R - a wand of confusion (21/48)
Scrolls
 e - 2 scrolls of fear
 f - 2 scrolls of fog
 j - 2 scrolls of amnesia
 k - 7 scrolls of remove curse
 n - a scroll of magic mapping {unknown}
 r - 2 scrolls of recharging
 B - a scroll of blinking {!r}
 M - a scroll of random uselessness {unknown}
 O - 3 scrolls of noise {!r}
Potions
 b - 2 potions of haste {unknown}
 g - a potion of curing {unknown}
 i - a potion of mutation {unknown}
 l - a potion of might
 m - 3 potions of magic
 s - a potion of resistance
 t - a potion of cancellation
 w - a potion of agility
 x - 2 potions of brilliance
 z - 2 potions of flight
 A - a potion of ambrosia
 E - a potion of lignification {!q}
 F - a potion of heal wounds
 H - a potion of degeneration {!q}
Books
 y - a book of Cantrips
 J - a book of Air
Comestibles
 h - 5 meat rations
 o - 2 beef jerkies
 C - 2 slices of pizza


   Skills:
 + Level 2.5 Fighting
   Level 1.3 Short Blades
 - Level 12.0 Maces & Flails
 - Level 6.4 Dodging
 - Level 1.3 Stealth
 - Level 1.3 Charms
 - Level 3.6 Evocations


You had 6 spell levels left.
You knew the following spells:

 Your Spells              Type           Power        Failure   Level  Hunger
d - Repel Missiles        Chrm/Air       #.....       34%         2    ###....
g - Apportation           Tloc           #.........   28%         1    ##.....


Dungeon Overview and Level Annotations

Branches:
Dungeon (9/15)             Temple (1/1) D:6
   Lair: D:8-11         Orc: D:9-12

Altars:
Ashenzari
Cheibriados
Dithmenos
Elyvilon
Fedhas
Gozag
Hepliaklqana
Kikubaaqudgha
Makhleb
Nemelex Xobeh
Okawaru
Qazlal
Ru
Sif Muna
Trog
Uskayaw
Vehumet
Xom
Yredelemnul
Zin
The Shining One

Shops:
D:6 (

Annotations:
D:3 Grinder
D:9 1 exclusion, Erolcha


Innate Abilities, Weirdness & Mutations

You are small and have problems with some larger weapons.
You are carnivorous and can eat meat at any time.


Message History

You barely miss the small abomination.
The small abomination closely misses you.
You whack the small abomination!
You destroy the small abomination!
You start resting.
A small abomination comes into view.
A large abomination comes into view.
Okay, then.
A freezing wraith comes into view.
An angel comes into view. It is wielding a whip of holy wrath.
An ufetubus comes into view.
A vampire comes into view.
The angel shouts!
The vampire casts a spell.
The vampire flickers and vanishes for a moment.
The angel closely misses you. The angel barely misses you.
The angel hits you with a whip of holy wrath!!
* * * LOW MAGIC WARNING * * *
You die...
Your body rises from the dead as a mindless zombie.

#.# .# ..# ## .#
#.##...##.#. ##
...#. ...######.##
#...#.##..#..#... #
#.#. #....#.#.#.#.#
#...##A##....#...#
#....#.##A..#
#...#..#V#.##@.#
##.##.####........#
#.#....#..#..##...
# ###.##......... .
..######.##.# #5#
.#.#... .# .# ###
## # ##


You could see an angel.

Vault maps used:
D:1:      ncdulo_lavacross, minivault_11
D:2:      serial_corexii_hall, corexii_hall_statues_u, corexii_hall_statues_i,
          corexii_hall_statues_u, corexii_hall_statues_x, kennysheep_donut,
          hex_intersection
D:3:      minitemple, first_bread, uniq_grinder, uniq_iyjb, uniq_robin
D:6:      nicolae_ru_awakened_eye, evilmike_ruin_ashenzari,
          minmay_temple_entry_grid, serial_undead, serial_undead_e,
          serial_undead_a, serial_undead_a, serial_undead_e, serial_shops,
          kennysheep_little_box
D:8:      chequers_ossuary_entry_cave, the_bakery
D:9:      okawaru_ov_weapons_minmay, uniq_erolcha
Temple:   regret_index_temple_waves
Ossuary:  ossuary_minmay_chase

Notes
Turn   | Place    | Note
-------+----------+-------------------------------------------
     0 | D:1      | hyperquik the Kobold Artificer began the quest for the Orb.
     0 | D:1      | Reached XP level 1. HP: 12/12 MP: 3/3
   328 | D:1      | Identified an amulet of guardian spirit (You found it on level 1 of the Dungeon)
   392 | D:1      | Reached skill level 3 in Dodging
   551 | D:1      | Reached XP level 2. HP: 16/16 MP: 4/4
   844 | D:1      | Identified a ring of positive energy (You found it on level 1 of the Dungeon)
   936 | D:2      | Reached skill level 4 in Dodging
   936 | D:2      | Reached XP level 3. HP: 20/20 MP: 5/5
  1658 | D:2      | Identified a +2 helmet of intelligence (You found it on level 2 of the Dungeon)
  1795 | D:2      | Identified a ring of poison resistance (You found it on level 2 of the Dungeon)
  2055 | D:2      | Identified a ring of dexterity (You found it on level 2 of the Dungeon)
  2383 | D:3      | Noticed Grinder
  2385 | D:3      | Paralysed by Grinder for 6 turns
  2593 | D:3      | Reached skill level 5 in Dodging
  2593 | D:3      | Reached XP level 4. HP: 25/25 MP: 6/6
  2946 | D:3      | Paralysed by something for 4 turns
  2953 | D:3      | Paralysed by something for 2 turns
  2961 | D:3      | Paralysed by something for 5 turns
  3171 | D:3      | Noticed Ijyb
  3216 | D:3      | Killed Ijyb
  3216 | D:3      | Reached skill level 6 in Dodging
  3216 | D:3      | Reached XP level 5. HP: 28/29 MP: 7/7
  3379 | D:3      | Noticed Robin
  3427 | D:3      | HP: 7/29 [hobgoblin/club[Robin] (2)]
  3433 | D:3      | HP: 3/29 [Robin/vampiric whip (5)]
  3745 | D:3      | Killed Robin
  3863 | D:3      | Identified a +3 vampiric whip {!w} (You took it off Robin on level 3 of the Dungeon)
  3955 | D:3      | Found a blossoming altar of Fedhas.
  3978 | D:3      | Found a hazy altar of Hepliaklqana.
  3983 | D:3      | Found a sparkling altar of Nemelex Xobeh.
  3983 | D:3      | Found a stormy altar of Qazlal.
  4152 | D:4      | Reached skill level 1 in Maces & Flails
  4152 | D:4      | Reached XP level 6. HP: 34/34 MP: 8/8
  4226 | D:4      | Reached skill level 2 in Maces & Flails
  4244 | D:4      | Reached skill level 3 in Maces & Flails
  4401 | D:4      | Identified a ring of strength (You found it on level 4 of the Dungeon)
  4402 | D:4      | Identified 4 scrolls of remove curse
  4424 | D:4      | Noticed an ogre
  4464 | D:4      | Killed an ogre
  4464 | D:4      | Reached XP level 7. HP: 24/38 MP: 6/9
  4772 | D:5      | Entered Level 5 of the Dungeon
  4780 | D:4      | Reached skill level 4 in Maces & Flails
  5330 | D:5      | Reached skill level 5 in Maces & Flails
  5526 | D:5      | Reached skill level 6 in Maces & Flails
  5526 | D:5      | Reached XP level 8. HP: 40/43 MP: 7/10
  5799 | D:5      | Identified 2 scrolls of fog
  6089 | D:6      | Found a shattered altar of Ashenzari.
  6116 | D:6      | Reached skill level 7 in Maces & Flails
  6987 | D:6      | Reached skill level 8 in Maces & Flails
  7157 | D:6      | Reached XP level 9. HP: 25/47 MP: 5/11
  7454 | D:6      | Reached skill level 9 in Maces & Flails
  7465 | D:6      | Learned a level 1 spell: Apportation
  7468 | D:6      | Learned a level 2 spell: Repel Missiles
  7479 | D:6      | Found a sacrificial altar of Ru.
  7563 | D:6      | Reached skill level 1 in Charms
  7926 | D:6      | Found Titila's Antique Weapon Shoppe.
  7961 | D:6      | Found a staircase to the Ecumenical Temple.
  7993 | Temple   | Entered the Ecumenical Temple
  8110 | Temple   | Became a worshipper of Yredelemnul the Dark
  8516 | D:7      | Got a smoking robe
  8527 | D:7      | Identified the +1 robe of Huujisyrch {rElec rN+} (You found it on level 7 of the Dungeon)
  8537 | D:7      | Identified a +0 leather armour
  9042 | D:7      | Reached skill level 10 in Maces & Flails
  9172 | D:7      | Identified a ring of stealth (You found it on level 7 of the Dungeon)
  9175 | D:7      | Identified 5 scrolls of identify
  9175 | D:7      | Identified a potion of degeneration
  9176 | D:7      | Identified a potion of lignification
  9177 | D:7      | Identified a potion of heal wounds
  9178 | D:7      | Identified 2 potions of brilliance
  9179 | D:7      | Identified a potion of cancellation
  9561 | D:8      | Identified 3 scrolls of amnesia
  9562 | D:8      | Identified 2 scrolls of recharging
  9563 | D:8      | Identified 2 scrolls of blinking
  9564 | D:8      | Identified 2 scrolls of fear
  9565 | D:8      | Identified a scroll of immolation
  9566 | D:8      | Identified a scroll of noise
  9695 | D:8      | Found a sand-covered staircase.
  9787 | Ossuary  | Entered an ossuary
 10140 | Ossuary  | Identified a potion of ambrosia
 10141 | Ossuary  | Identified 2 potions of flight
 10190 | D:8      | Reached XP level 10. HP: 45/52 MP: 9/12
 10303 | D:8      | Identified a potion of agility
 10354 | D:8      | Reached * piety under Yredelemnul
 10456 | D:8      | Identified a potion of resistance
 10457 | D:8      | Identified 3 potions of magic
 10458 | D:8      | Identified a potion of might
 10627 | D:8      | Reached skill level 11 in Maces & Flails
 11183 | D:9      | Noticed Erolcha
 11298 | D:9      | Found an iron altar of Okawaru.
 11337 | D:9      | Identified a +0 pair of gloves (You found it on level 9 of the Dungeon)
 11426 | D:9      | Identified a +0 cloak (You found it on level 9 of the Dungeon)
 11458 | D:9      | Reached skill level 12 in Maces & Flails
 11516 | D:9      | Identified an amulet of rage (You found it on level 9 of the Dungeon)
 11698 | D:9      | Reached skill level 2 in Fighting
 11736 | D:9      | Cast into level 2 of the Abyss (Erolcha)
 11852 | Abyss:2  | HP: 6/53 [small abomination (14)]
 11868 | Abyss:2  | Noticed a freezing wraith
 11869 | Abyss:2  | Noticed a wretched star
 11873 | Abyss:2  | Noticed an angel
 11881 | Abyss:2  | Identified a +3 whip of holy wrath
 11881 | Abyss:2  | Demolished by an angel

Table legend:
 A = Turns spent in this place as a percentage of turns spent in the entire game.
 B = Non-inter-level travel turns spent in this place as a percentage of non-inter-level travel turns spent in the entire game.
 C = Inter-level travel turns spent in this place as a percentage of turns spent in this place.
 D = Turns resting spent in this place as a percentage of non-inter-level travel turns spent in this place.
 E = Turns spent auto-exploring this place as a percentage of non-inter-level travel turns spent in this place.
 F = Non-inter-level travel turns spent in this place divided by the number of levels of this place that you've seen.
                   A       B       C       D       E      F
               +-------+-------+-------+-------+-------+----------------------
         Total | 100.0 | 100.0 |   0.4 |   2.5 |   5.8 | 337.5
       Dungeon |  88.0 |  87.9 |   0.4 |   2.6 |   6.0 | 395.7
        Temple |   3.0 |   3.0 |   0.8 |   0.0 |   0.8 | 122.0
         Abyss |   2.1 |   2.1 |   0.0 |   8.2 |   0.0 |  85.0
       Ossuary |   6.9 |   7.0 |   0.0 |   0.0 |   7.8 | 282.0
               +-------+-------+-------+-------+-------+----------------------

Table legend:
 A = Kills in this place as a percentage of kills in entire the game.
 B = Kills by you in this place as a percentage of kills by you in the entire game.
 C = Kills by friends in this place as a percentage of kills by friends in the entire game.
 D = Other kills in this place as a percentage of other kills in the entire game.
 E = Experience gained in this place as a percentage of experience gained in the entire game.
 F = Experience gained in this place divided by the number of levels of this place that you have seen.
                   A       B       C       D       E      F
               +-------+-------+-------+-------+-------+----------------------
         Total | 100.0 | 100.0 | 100.0 |  -nan | 100.0 | 499.2
       Dungeon |  89.6 |  89.1 |  94.7 |  -nan |  96.1 | 639.6
         Abyss |   0.5 |   0.5 |   0.0 |  -nan |   1.3 |  80.0
       Ossuary |  10.0 |  10.4 |   5.3 |  -nan |   2.6 | 155.0
               +-------+-------+-------+-------+-------+----------------------

Skill      XL: |  1  2  3  4  5  6  7  8  9 10 |
---------------+-------------------------------+-----
Dodging        | 3 4 5 6 |  6.4
Maces & Flails | 1 3 6 8 10 12 | 12.0
Charms         | 1 |  1.3
Fighting       | 2 |  2.5
Short Blades   | |  1.3
Stealth        | |  1.3
Evocations     | |  3.6

Action                   |  1- 3 |  4- 6 |  7- 9 | 10-12 || total
-------------------------+-------+-------+-------+-------++-------
Melee: Short sword       |   156 |   112 |       |       ||   268
       Whip              |       |    80 |   736 |   194 ||  1010
Throw: Stone             |    20 |    14 |   214 |    38 ||   286
 Cast: Repel Missiles    |       |       |     1 |     1 ||     2
Invok: Animate Remains   |       |       |       |    11 ||    11
Evoke: Wand              |     9 |     8 |    20 |       ||    37
  Use: Scroll            |       |     1 |    14 |     4 ||    19
 Stab: Sleeping          |     2 |     1 |     2 |       ||     5
       Paralysed         |     2 |       |       |       ||     2
       Distracted        |       |       |       |     2 ||     2
  Eat: Chunk             |    14 |     8 |    20 |     2 ||    44
Armor: Leather armour    |    24 |    38 |    73 |       ||   135
       Robe              |       |       |    15 |    16 ||    31
Dodge: Dodged            |   138 |   188 |   506 |   101 ||   933
       Deflected         |       |       |     2 |     1 ||     3

Vanquished Creatures
  A hippogriff (D:9)
  A spriggan (D:8)
  3 ice beasts
  4 sky beasts
  2 killer bees (D:7)
  A black bear (D:8)
  A phantom (D:6)
  4 necrophages
  4 ogres
  4 centaurs
  3 bullfrogs
  A small abomination (Abyss:2)
  2 scorpions
  3 wights (D:6)
  4 howler monkeys
  2 crimson imps
  2 centaur zombies (D:6)
  A quasit (D:6)
  2 jellies
  3 orc priests
  4 hounds
  A bullfrog skeleton (D:6)
  Ijyb (D:3)
  An iguana (D:6)
  6 worker ants
  An orc wizard (D:8)
  3 big kobold zombies (Ossuary)
  A hound zombie (D:6)
  Robin (D:3)
  2 hound skeletons
  2 mummies (Ossuary)
  2 worker ant zombies
  6 adders
  4 gnolls (D:6)
  An ooze (D:4)
  6 adder zombies
  An adder skeleton (D:5)
  A worm (D:4)
  3 leopard geckos
  16 orcs
  7 giant cockroaches
  10 goblins
  9 hobgoblins
  9 jackals
  7 kobolds
  4 quokkas
  A ball python (D:5)
  4 bats
  2 frilled lizards
  A giant cockroach zombie (D:5)
  4 goblin zombies (Ossuary)
  3 hobgoblin zombies (Ossuary)
  3 jackal skeletons
  A jackal zombie (D:5)
  A kobold zombie (Ossuary)
  2 leopard gecko skeletons
  2 quokka skeletons
  4 quokka zombies
  6 rats
  A rat zombie (Ossuary)
192 creatures vanquished.

Vanquished Creatures (collateral kills)
  An ice beast (D:8)
  2 ogres (D:8)
  3 killer bees (D:7)
  A howler monkey (D:8)
  A centaur zombie (D:8)
  An orc priest (D:8)
  A mummy (Ossuary)
  A shadow imp (D:9)
  A worm (D:3)
  A leopard gecko (D:3)
  5 orcs
  A hobgoblin (D:3)
19 creatures vanquished.

Vanquished Creatures (others)
  3 killer bees (D:7)
  A hippogriff zombie (D:9)
  A bullfrog zombie (D:9)
  An ogre zombie (D:9)
  A sky beast zombie (D:9)
  A necrophage skeleton (D:8)
  A howler monkey zombie (D:8)
  2 jackals (D:9)
  3 orc zombies (D:8)
14 creatures vanquished.

Grand Total: 225 creatures vanquished
